 Seeded DCSS version 0.29.1-15-g9cfb28693d (webtiles) character file.

Game seed: 8515177902725472229 (custom seed)

948 hikkokomori the Sneak (level 8, -3/60 HPs)
             Began as a Human Conjurer on Apr 20, 2023.
             Slain by a troll (7 damage)
             ... on level 6 of the Dungeon.
             The game lasted 00:11:44 (5537 turns).

hikkokomori the Sneak (Human Conjurer)              Turns: 5537, Time: 00:11:45

Health: -3/60      AC:  4    Str:  7    XL:     8   Next: 35%
Magic:  7/11       EV: 12    Int: 22    God:
Gold:   309        SH:  0    Dex: 11    Spells: 6/11 levels left

rFire   . . .      SeeInvis .   d - +8 autumn katana {vorpal, manifold assault}
rCold   . . .      Faith    .   (no shield)
rNeg    . . .      Spirit   .   a - +0 robe
rPois   .          Reflect  .   B - +0 helmet
rElec   .          Harm     .   (no cloak)
rCorr   .          Rampage  .   (no gloves)
Will    .....                   v - +0 pair of boots
Stlth   +++.......              q - amulet of the acrobat
HPRegen 0.20/turn               (no ring)
MPRegen 0.12/turn               (no ring)

@: no status effects
A: no striking features
a: no special abilities


You were on level 6 of the Dungeon.
You visited 1 branch of the dungeon, and saw 6 of its levels.

You collected 309 gold pieces.

Inventory:

Hand Weapons
 d - the +8 autumn katana (weapon) {vorpal, manifold assault}
   (You acquired it on level 1 of the Dungeon)

   It sometimes launches melee attacks against multiple visible enemies.
Armour
 a - a +0 robe (worn)
 j - a +0 hat
 v - a +0 pair of boots (worn)
 B - a +0 helmet (worn)
Jewellery
 q - an amulet of the acrobat (around neck)
Wands
 x - a wand of paralysis (1)
Scrolls
 e - 2 scrolls of noise {unknown}
 k - 2 scrolls of blinking
 m - a scroll of vulnerability {unknown}
 o - 3 scrolls of teleportation
 p - a scroll of enchant weapon {unknown}
 r - 2 scrolls of amnesia {unknown}
 s - 2 scrolls of fear {unknown}
 u - 2 scrolls of enchant armour {unknown}
 w - a scroll of poison {unknown}
 y - a scroll of butterflies {unknown}
 A - a scroll of brand weapon {unknown}
Potions
 b - 2 potions of magic
 c - a potion of curing
 f - a potion of attraction {unknown}
 g - a potion of might {unknown}
 h - a potion of flight
 i - 3 potions of heal wounds
 l - a potion of mutation {unknown}
 n - 2 potions of haste {unknown}
 t - 2 potions of lignification {unknown}
 z - a potion of cancellation {unknown}


   Skills:
 + Level 4.2 Fighting
 + Level 4.0 Long Blades
 - Level 2.0 Dodging
 + Level 5.2 Stealth
 - Level 2.3 Spellcasting
 - Level 4.9 Conjurations
 + Level 3.2 Transmutations


You had 6 spell levels left.
You knew the following spells:

 Your Spells              Type           Power      Damage    Failure   Level
a - Magic Dart            Conj           96%        1d7       1%          1
b - Searing Ray           Conj           48%        2d6       2%          2
c - Wereblood             Tmut           16%        N/A       5%          2

Your spell library contained the following spells:

 Spells                   Type           Power      Damage    Failure   Level
 Beastly Appendage        Tmut           32%        N/A       3%          1
 Slow                     Hex            8%         N/A       13%         1
 Dazzling Flash           Conj/Hex       26%        N/A       14%         3
 Spider Form              Tmut/Pois      9%         N/A       21%         3
 Call Canine Familiar     Summ           2%         N/A       36%         3
 Confusing Touch          Hex            2%         N/A       36%         3
 Inner Flame              Hex/Fire       2%         N/A       36%         3
 Portal Projectile        Hex/Tloc       4%         N/A       36%         3
 Vampiric Draining        Necr           2%         2d6       36%         3
 Fulminant Prism          Conj/Hex       6%         3d7       43%         4
 Iskenderun's Mystic Bla  Conj/Tloc      13%        2d5       43%         4
 Cause Fear               Hex            1%         N/A       78%         4
 Leda's Liquefaction      Hex/Erth       1%         N/A       78%         4
 Passage of Golubria      Tloc           2%         N/A       78%         4
 Silence                  Hex/Air        1%         N/A       98%         5
 Discord                  Hex            1%         N/A       100%        8
 Lehudib's Crystal Spear  Conj/Erth      6%         10d3      100%        8


Dungeon Overview and Level Annotations

Branches:
Dungeon (6/15)
 Temple: D:4-7

Altars:
Vehumet
Xom

Shops:
D:2 *   D:5 **

Annotations:
D:4 2 transporters, mkat's ghost, amateur DrFi


Message History

You see here a river rat corpse.
You now have 289 gold pieces (gained 18).
You now have 293 gold pieces (gained 4).
You now have 309 gold pieces (gained 16).
Things that are here:
a river rat skeleton; a rat skeleton A troll comes into view.
A troll is nearby!
A troll is nearby!
A troll is nearby!
A troll is nearby!
Casting: Searing Ray (safe; 2% risk of failure)
Confirm with . or Enter, or press ? or * to list all spells.
Aiming: Searing Ray (safe; 2% risk of failure)
Press: ? - help, Shift-Dir - straight line, f - troll
Aim: a troll (asleep, 100% to hit)
The searing ray hits the troll.
The troll is lightly wounded.
The troll shouts! (Press . to maintain the ray.)
The searing ray hits the troll!
The troll is moderately wounded.
The searing ray hits the troll.
The troll is heavily wounded.
You hit the troll.
The troll is heavily wounded.
The troll barely misses you. The troll closely misses you. The troll claws you!
You closely miss the troll.
The troll is heavily wounded.
The troll misses you. The troll claws you. The troll misses you.
You closely miss the troll.
The troll is heavily wounded.
The troll bites you! The troll claws you! x2
* * * LOW HITPOINT WARNING * * *
You hit the troll.
The troll is heavily wounded.
The troll bites you!
* * * LOW HITPOINT WARNING * * *
The troll claws you!
You die...

##.## #########.#
#############
..........###............
##.####.###..............
##. #..##..###.....#..
.#.###.....## ###..##
.......##### #.##
......#### ##.#
##.#.....# #@.# #.#.#...#
#T## ##...###....# ..#
#...####..... ....
..................
#.#.###...........#
..#.#.. ##.#######
......# #. ##.......


You could see a troll.

Vanquished Creatures
  A steam dragon (D:6)
  A water moccasin (D:5)
  An ice beast (D:6)
  A wight (D:6)
  A jelly (D:2)
  4 orc priests
  A gnoll bouda (D:5)
  3 iguanas
  An orc wizard (D:5)
  5 gnolls
  3 adders
  10 river rats (D:6)
  An ufetubus (D:4)
  3 dart slugs
  18 orcs
  5 ball pythons
  5 bats
  3 endoplasms
  4 giant cockroaches
  7 goblins
  7 hobgoblins
  5 jackals (D:2)
  8 quokkas
  5 frilled lizards
  4 kobolds
  24 rats
131 creatures vanquished.

Notes
Turn   | Place    | Note
-------+----------+-------------------------------------------
     0 | D:1      | hikkokomori the Human Conjurer began the quest for the Orb.
     0 | D:1      | Reached XP level 1. HP: 13/13 MP: 3/3
   257 | D:1      | Reached XP level 2. HP: 20/20 MP: 3/5
   775 | D:1      | Reached XP level 3. HP: 25/25 MP: 1/6
   874 | D:1      | Reached skill level 1 in Fighting
  1220 | D:1      | Identified a scroll of acquirement
  1220 | D:1      | Acquired the +8 autumn katana {vorpal, manifold assault}
  1220 | D:1      | Found the +8 autumn katana {vorpal, manifold assault}
  1373 | D:2      | Learned a level 2 spell: Searing Ray
  1738 | D:2      | HP: 1/26 [gnoll/+0 spear (3)]
  2160 | D:2      | Found a shimmering altar of Xom.
  2175 | D:2      | Reached XP level 4. HP: 28/32 MP: 7/7
  2187 | D:2      | Found Vuamm's General Store.
  2336 | D:2      | Reached skill level 1 in Long Blades
  2508 | D:2      | Reached skill level 3 in Stealth
  2680 | D:3      | Found a faded altar of an unknown god.
  2894 | D:3      | Reached XP level 5. HP: 36/38 MP: 8/8
  3633 | D:4      | Found a transporter.
  3633 | D:4      | Noticed mkat's ghost (amateur DrFi)
  3683 | D:4      | Found a transporter.
  3711 | D:4      | Reached XP level 6. HP: 45/45 MP: 9/9
  4057 | D:5      | Entered Level 5 of the Dungeon
  4063 | D:5      | Learned a level 2 spell: Wereblood
  4300 | D:5      | Found a radiant altar of Vehumet.
  4390 | D:5      | Reached skill level 4 in Stealth
  4390 | D:5      | Reached skill level 1 in Transmutations
  4401 | D:5      | Reached XP level 7. HP: 20/52 MP: 4/10
  4700 | D:5      | Noticed a water moccasin
  4711 | D:5      | Killed a water moccasin
  4822 | D:5      | Found Bylic's Specific Store.
  4826 | D:5      | Found Naef Ace's General Store.
  5123 | D:6      | Noticed a steam dragon
  5137 | D:6      | Killed a steam dragon
  5166 | D:6      | Reached XP level 8. HP: 58/60 MP: 11/11
  5171 | D:6      | Reached skill level 5 in Stealth
  5529 | D:6      | Noticed a troll
  5537 | D:6      | Slain by a troll

Illustrated notes

Levels and vault maps discovered:
D:1:      sevenhm_arrival_forest_fort_large_4, layout_basic,
          nrook_loot_triangle, minmay_lizard_pond
D:2:      layout_loops_ring, basic_altar, serial_shops,
          nicolae_shop_temple_entry_statues_fountains
D:3:      layout_basic, ebering_ecumenical_altar_webs, serial_forest,
          infiniplex_forest_lined_corner, infiniplex_forest_lined_1,
          infiniplex_forest_lined_1, infiniplex_forest_clump_small,
          infiniplex_forest_lined_room_3, infiniplex_forest_straight_1,
          infiniplex_forest_lined_room_2, infiniplex_forest_straight_4
D:4:      layout_cave_pools, gammafunk_ghost_arena
D:5:      layout_loops_ring, mainiacjoe_overflow_catwalk, nicolae_specific_store
D:6:      lemuel_ratsnest, layout_rooms, mainiacjoe_overflow_boulevard,
          ebering_ghost_rock_garden, hangedman_abyss_or_decor_stagger,
          serial_park_tiny_1

Skill      XL: |  1  2  3  4  5  6  7  8 |
---------------+-------------------------+-----
Fighting       | 1 2 3 4 |  4.2
Long Blades    | 1 2 3 4 |  4.0
Stealth        | 3 4 5 |  5.2
Transmutations | 1 2 3 |  3.2
Dodging        | |  2.0
Spellcasting   | |  2.3
Conjurations   | |  4.9

Action                   |  1- 3 |  4- 6 |  7- 9 || total
-------------------------+-------+-------+-------++-------
Melee: Unarmed           |    18 |       |       ||    18
       Punch             |     1 |       |     1 ||     2
       Katana            |    27 |   100 |   112 ||   239
 Cast: Magic Dart        |    35 |     2 |     2 ||    39
       Searing Ray       |       |     3 |     2 ||     5
Evoke: Wand              |       |       |     1 ||     1
  Use: Scroll            |     3 |     3 |     1 ||     7
       Potion            |       |     2 |       ||     2
 Stab: Sleeping          |     1 |     7 |       ||     8
       Paralysed         |       |       |     2 ||     2
Armor: Robe              |     6 |     7 |     7 ||    20
Dodge: Dodged            |    24 |    56 |    59 ||   139
